 Dungeon Crawl Stone Soup version 0.32-a0-666-ge8a88695a4 (webtiles) character file.

Game seed: 16169616825633221386

182 cforsyth the Grave Robber (level 5, 0/42 HPs)
             Began as a Mountain Dwarf Necromancer on Mar 9, 2024.
             Slain by a water moccasin (7 damage)
             ... on level 3 of the Dungeon.
             The game lasted 00:02:51 (3139 turns).

cforsyth the Grave Robber (MDNe)                    Turns: 3139, Time: 00:02:51

Health: 0/42       AC:  6    Str: 12    XL:     5   Next: 34%
Magic:  12/19      EV: 11    Int: 16    God:
Gold:   110        SH:  0    Dex: 10    Spells: 10/11 levels left

rFire   . . .        j - +2 dagger (drain)
rCold   . . .        (no shield)
rNeg    . . .        a - +0 robe
rPois   .            k - +2 helmet
rElec   .            (no cloak)
rCorr   .            i - +0 pair of gloves
SInv    .            (no boots)
Will    .....        (no amulet)
Stlth   ++           M - ring of magical power
HPRegen 0.27/turn    (no ring)
MPRegen 0.16/turn

%: no passive effects
@: lethally poisoned (0 -> -6)
A: runic magic, artefact enchanting
a: no special abilities


You were on level 3 of the Dungeon.
You visited 1 branch of the dungeon, and saw 3 of its levels.

You collected 110 gold pieces.


Innate Abilities, Weirdness & Mutations

Your spellcasting is much less encumbered by armour.
You can use scrolls of enchantment on lesser artefacts.


   Skills:
 + Level 2.5 Fighting
 - Level 1.3 Dodging
 - Level 1.4 Stealth
 * Level 3.5 Spellcasting
 + Level 5.3 Necromancy


You had 10 spell levels left.
You knew the following spells:

 Your Spells              Type           Power      Damage    Failure   Level
X - Necrotise             Necr           76%        1d7       1%          1

Your spell library contained the following spells:

 Spells                   Type           Power      Damage    Failure   Level
 Vampiric Draining        Necr           19%        2d7       6%          3
 Animate Dead             Necr           19%        N/A       21%         4
 Curse of Agony           Necr           19%        N/A       50%         5

Inventory:

Hand Weapons
 j - a +2 dagger of draining (weapon)
Armour
 a - a +0 robe (worn)
 h - a scarf of harm
 i - a +0 pair of gloves (worn)
 k - a +2 helmet (worn)
Jewellery
 M - a ring of magical power (left hand)
Wands
 l - a wand of flame (18)
Scrolls
 c - 3 scrolls of identify {unknown}
 d - a scroll of blinking {unknown}
 e - a scroll of noise {unknown}
 g - a scroll of teleportation {unknown}
 m - 3 scrolls of fog {unknown}
 o - a scroll of revelation {unknown}
Potions
 b - 2 potions of magic
 f - 2 potions of attraction {unknown}
 n - 2 potions of brilliance {unknown}

Dungeon Overview and Level Annotations

Branches:
Dungeon (3/15)

Altars:
Fedhas
Trog

Annotations:
D:3 1 runed translucent door, Crazy Yiuf

) . .## #.. #.#
################.#
.>.............#S#
#...........##.#@#
#.#########.##.#.#
.......⚑..#.##.#.#
#.#######.#.##.#.#
........#.#..#.#.#
#.#####.#.##.#.#.#
..# #.#.#......#
..# #.#.#..#.###
..# #.#.#..#.#


You could see a water moccasin.


Message History

You are too injured to fight recklessly!
You are too injured to fight recklessly!
Unknown command.
You are too injured to fight recklessly!
Unknown command.
You are too injured to fight recklessly!
Aiming: Throw Flame
Press: ? - help, Shift-Dir - straight line, f/p - water moccasin
Aim: a water moccasin (heavily wounded, 48% to hit)
The puff of flame hits the water moccasin.
The water moccasin is severely wounded.
You feel very sick. The water moccasin barely misses you.
The water moccasin closely misses you.
Unknown command.
Aiming: Throw Flame
Press: ? - help, Shift-Dir - straight line, f/p - water moccasin
Aim: a water moccasin (severely wounded, 48% to hit)
The puff of flame misses the water moccasin.
You feel sick. The water moccasin bites you!
* * * LOW HITPOINT WARNING * * *
Unknown command.
Unknown command.
Aiming: Throw Flame
Press: ? - help, Shift-Dir - straight line, f/p - water moccasin
Aim: a water moccasin (severely wounded, 48% to hit)
The puff of flame hits the water moccasin.
The water moccasin is almost dead.
* * * LOW HITPOINT WARNING * * *
You feel sick. The water moccasin bites you!
You die...

Skill      XL: |  1  2  3  4 |
---------------+-------------+-----
Spellcasting   | 2 3 |  3.5
Fighting       | 1 2 |  2.5
Necromancy     | 5 |  5.3
Dodging        | |  1.3
Stealth        | |  1.4

Action                     |  1- 3 |  4- 6 || total
---------------------------+-------+-------++-------
  Melee: Unarmed           |     5 |       ||     5
         Dagger            |    14 |     1 ||    15
   Cast: Necrotise         |    87 |    35 ||   122
  Evoke: Wand              |       |     3 ||     3
 Armour: Robe              |    23 |    23 ||    46
  Dodge: Dodged            |    22 |    17 ||    39

Levels and vault maps discovered:
D:1:      minmay_arrival_solitary_statue, layout_loops_ring, st_stairs_12
D:2:      layout_rooms, basic_altar, shapermc_ecumenical_altar_hornbeckon
D:3:      layout_basic, overflow_temple_1_default, uniq_crazy_yiuf_cottage

Notes
Turn   | Place    | Note
-------+----------+-------------------------------------------
     0 | D:1      | cforsyth the Mountain Dwarf Necromancer began the quest for
                  | the Orb.
     0 | D:1      | Reached XP level 1. HP: 14/14 MP: 3/3
   143 | D:1      | Reached skill level 2 in Spellcasting
   269 | D:1      | Reached XP level 2. HP: 22/22 MP: 1/5
   655 | D:1      | Reached skill level 1 in Fighting
  1130 | D:2      | Found a faded altar of an unknown god.
  1281 | D:2      | Found a bloodstained altar of Trog.
  1294 | D:2      | Reached XP level 3. HP: 28/28 MP: 1/6
  2187 | D:3      | Reached XP level 4. HP: 36/36 MP: 8/8
  2411 | D:3      | Reached skill level 3 in Spellcasting
  2411 | D:3      | Reached skill level 5 in Necromancy
  2565 | D:3      | Noticed a black bear
  2575 | D:3      | Killed a black bear
  2576 | D:3      | Reached skill level 2 in Fighting
  2576 | D:3      | Reached XP level 5. HP: 24/42 MP: 8/10
  2657 | D:3      | Found a runed translucent door.
  2658 | D:3      | Noticed Crazy Yiuf
  3046 | D:3      | Found a blossoming altar of Fedhas.
  3126 | D:3      | Noticed a water moccasin
  3139 | D:3      | Slain by a water moccasin

Vanquished Creatures
  A black bear (D:3)
  3 adders (D:3)
  A ribbon worm (D:2)
  A dart slug (D:1)
  2 orcs (D:3)
  5 ball pythons
  5 bats
  4 endoplasms
  3 giant cockroaches
  3 goblins
  4 hobgoblins
  4 jackals (D:2)
  3 quokkas
  2 frilled lizards (D:3)
  8 kobolds
  6 rats
55 creatures vanquished.

Vanquished Creatures (collateral kills)
  A hobgoblin (D:1)
  A goblin (D:1)
2 creatures vanquished.

Grand Total: 57 creatures vanquished

Table legend: (Time is in decaauts)
 A = Elapsed time spent in this place.
 B = Non-inter-level travel time spent in this place.
 C = Inter-level travel time spent in this place.
 D = Time resting spent in this place.
 E = Time spent auto-exploring this place.
 F = Levels seen in this place.
 G = Mean time per level.
                   A        B        C        D        E       F      G
               +--------+--------+--------+--------+--------+-----+--------+
         Total |   3144 |   3098 |     46 |      0 |   2753 |   3 | 1048.0 |
       Dungeon |   3144 |   3098 |     46 |      0 |   2753 |   3 | 1048.0 |
               +--------+--------+--------+--------+--------+-----+--------+

Top non-repeatable levels by time:
     D:3: 1261 daAuts
     D:1: 1036 daAuts
     D:2: 846 daAuts

Table legend:
 A = Non-vault XP
 B = Vault XP
 C = Vault XP percentage of total XP
 D = Non-vault monster count
 E = Vault monster count
 F = Vault count percentage of total count
                 A         B        C        D         E       F
            +---------+---------+-------+---------+---------+-------
      Total |     259 |       1 |   0.4 |      56 |       1 |   1.8
            +---------+---------+-------+---------+---------+-------
        D:1 |      28 |       1 |   3.4 |      17 |       1 |   5.6
        D:2 |      34 |       0 |   0.0 |      18 |       0 |   0.0
        D:3 |     197 |       0 |   0.0 |      21 |       0 |   0.0
            +---------+---------+-------+---------+---------+-------
